 Dungeon Crawl Stone Soup version 0.18.1-48-g4cf74bf (webtiles) character file.

36082 RickumRackum the Brawler (level 13, -5/133 HPs)
             Began as a Troll Monk on Sept 4, 2016.
             Was a Believer of Qazlal.
             Slain by a spiny frog (8 damage)
             ... on level 8 of the Lair of Beasts on Sept 7, 2016.
             The game lasted 01:47:04 (14457 turns).

RickumRackum the Brawler (Troll Monk)              Turns: 14457, Time: 01:47:05

Health: -5/133     AC:  9    Str: 23    XL:     13   Next: 51%
Magic:  17/19      EV:  1    Int:  6    God:    Qazlal [**....]
Gold:   967        SH:  0    Dex: 15    Spells: 0 memorised, 12 levels left

rFire  x . .     SeeInvis .       - Unarmed
rCold  + . .     Gourm    +     t - +2 robe
rNeg   + + +     Faith    .     (no shield)
rPois  ∞         Spirit   .     (helmet restricted)
rElec  .         Dismiss  .     j - +1 cloak
rCorr  .         Reflect  +     (gloves unavailable)
SustAt .         Harm     .     (boots unavailable)
MR     .....                    H - +6 amulet of reflection
Stlth  +.........               x - ring of ice
                                N - +4 ring of evasion

@: petrified, very slightly contaminated, not resistant to hostile enchantments,
very unstealthy
A: unfitting armour, claws 3, horns 1, fast metabolism 3, gourmand, regeneration
2, shaggy fur 1, tough skin 2, wild magic 1, MP-powered wands
a: Upheaval, Renounce Religion


You were on level 8 of the Lair of Beasts.
You worshipped Qazlal.
Qazlal was pleased with you.
You were not hungry.

You visited 3 branches of the dungeon, and saw 18 of its levels.
You also visited: Ice Cave.

You collected 1125 gold pieces.
You spent 158 gold pieces at shops.

Inventory:

Hand Weapons
 I - a +0 blowgun
Missiles
 f - 58 poisoned needles
 p - a throwing net
 R - 6 poisoned tomahawks (quivered)
 S - 4 tomahawks
Armour
 j - a +1 cloak (worn)
 t - a +2 robe (worn)
Jewellery
 e - an uncursed ring of fire
 w - an uncursed ring of sustain attributes
 x - a ring of ice (right claw)
 H - a +6 amulet of reflection (around neck)
 N - a +4 ring of evasion (left claw)
Wands
 c - a wand of acid (7/15)
 v - a wand of iceblast (9/15)
 z - a wand of flame (15/48)
 C - a wand of paralysis (9/24)
 E - a wand of iceblast (6/15)
 J - a wand of paralysis (12/24)
 K - a wand of random effects (16/48)
 L - a wand of paralysis (14/24)
 M - a wand of lightning (7/15)
 O - a wand of paralysis (8/24)
 P - a wand of paralysis (16/24)
 V - a wand of polymorph (15/24)
 X - a wand of paralysis (18/24)
Scrolls
 d - 2 scrolls of recharging
 m - 6 scrolls of magic mapping
 o - 5 scrolls of identify
 u - 14 scrolls of remove curse
 y - 2 scrolls of fear
 A - 2 scrolls of amnesia
 B - 3 scrolls of fog
 F - 5 scrolls of teleportation
 Y - a scroll of enchant weapon
Potions
 k - 8 potions of curing
 n - a potion of flight
 r - 2 potions of cancellation
 G - a potion of might
 W - 2 potions of brilliance
Miscellaneous
 h - an ornate deck of defence {the Potion}
Comestibles
 a - a slice of pizza
 b - 7 bread rations
 i - 5 chunks of flesh
 l - 7 beef jerkies
 q - 16 fruits
 s - 6 meat rations
 D - a royal jelly


   Skills:
 + Level 9.8 Fighting
 + Level 8.2 Dodging
 - Level 1.1 Stealth
 * Level 15.6 Unarmed Combat
 + Level 9.7 Invocations


You had 12 spell levels left.
You didn't know any spells.

Dungeon Overview and Level Annotations

Branches:
Dungeon (9/15)             Temple (1/1) D:5            Lair (8/8) D:9
 Shoals (0/4) Lair:4       Spider (0/4) Lair:5        Slime (0/6) Lair:8
    Orc: D:9-12

Altars:
Ashenzari
Cheibriados
Dithmenos
Elyvilon
Fedhas
Gozag
Nemelex Xobeh
Okawaru
Pakellas
Qazlal
Ru
Sif Muna
Trog
Vehumet
Xom
Zin
The Shining One
Jiyva

Shops:
D:5 *   D:7 *


Innate Abilities, Weirdness & Mutations

You are too large for most types of armour.
You have claws for hands.
Your metabolism is lightning-fast.
You like to eat raw meat.
You heal very quickly.
You are covered in fur (AC +1).
You have very tough skin (AC +2).
You have a pair of small horns on your head.
Your spells are a little harder to cast, but a little more powerful.
You expend magic power (3 MP) to strengthen your wands.


Message History

You kill the giant frog!
Qazlal accepts your kill. The giant frog completely misses you.
The giant frog hits you.
* * * LOW HITPOINT WARNING * * *
The giant frog hits you.
* * * LOW HITPOINT WARNING * * *
The giant frog hits you but does no damage.
The blink frog hits the human!
The human dies!
The giant frog hits you.
* * * LOW HITPOINT WARNING * * *
The giant frog hits you but does no damage.
The blink frog blinks!
The spiny frog stings you!
* * * LOW HITPOINT WARNING * * *
The giant frog hits you!
* * * LOW HITPOINT WARNING * * *
The giant frog hits you but does no damage.
The giant frog hits you but does no damage.
The spiny frog stings you!
You die...

*,,,,,***,,,,,,..............#,,,
**,,,,,**,,,,,*.....##......#**,,
,,,,,,***,,,,,**#....##P<...##*,,
*,,,,,***,,,,,,##....##......#**,
*,,,,,,**,,,,.##............##*,,
**,,,,,,*,,,,,...[.....P......#**
*,,,,,,,,,,,,,*#...........####**
*,,,,,,,,,..,,*##§...F.....#..,*,
*,,,,,,,,,...,*#@Fy.#P..._....,,,
**,,,,,,,,....*#FF.......>....,,,
,,,,,,*,,,....##k.............P,,
,,,,,,*,,,P.....l..F........#P.,≈
,,,,,,***,...P#...............,≈≈
,,,,,,***,..P*#.H.....P.....##,,,
,,,,,,,*,....##.....PP.....PP#*,,
*,,,,,,,,.......#....#...PPPP#*,,
,,,,,,*,*.............#....P.P,,,


You could see a hippogriff, a spiny frog, a basilisk, 2 blink frogs, a rime
drake, a vampire mosquito and 2 giant frogs.

Vanquished Creatures
  Kirke (Lair:7)
  2 hydras
  5 death yaks
  An orb spider (Lair:5)
  A griffon (Lair:5)
  2 black mambas
  A siren (Lair:4)
  15 elephants
  Psyche (D:8)
  Joseph (D:8)
  11 spiny frogs
  4 komodo dragons
  2 rime drakes
  5 blink frogs (Lair:1)
  Sigmund (D:5)
  24 yaks
  A steam dragon (Lair:5)
  5 hippogriffs
  A vampire mosquito (Lair:8)
  Eustachio (D:4)
  A basilisk (Lair:4)
  Edmund (D:6)
  The ghost of Acrith the Stinger, an amateur DEVM (D:4)
  6 porcupines
  9 water moccasins
  3 phantoms
  An orc warrior (D:8)
  2 sky beasts (D:7)
  3 black bears
  15 ice beasts
  25 wolves
  An ogre (D:7)
  2 centaurs
  9 crocodiles
  12 giant frogs
  A wyvern zombie (D:9)
  A scorpion (D:8)
  A wyvern skeleton (D:8)
  2 howler monkeys
  8 wights
  12 killer bees (D:7)
  3 giant frog zombies
  4 crimson imps
  6 hounds
  A centaur skeleton (D:7)
  An orc priest (D:7)
  9 iguanas
  13 orc wizards
  10 worker ants
  14 sheep
  4 gnolls (D:3)
  A howler monkey skeleton (D:7)
  11 adders
  43 river rats
  A shadow imp (D:9)
  An ooze (D:1)
  2 worms (D:2)
  3 dart slugs
  5 giant geckos
  27 orcs
  12 bats
  4 giant cockroaches
  7 goblins
  10 hobgoblins
  10 jackals
  4 quokkas
  A ball python (D:2)
  10 giant newts
  2 jackal zombies
  7 kobolds
  6 rats
  47 fungi
  17 plants
497 creatures vanquished.

Vanquished Creatures (collateral kills)
  2 hydras (Lair:7)
  An elephant (Lair:7)
  A spiny frog (Lair:6)
  A yak (Lair:7)
  A basilisk (Lair:6)
  A porcupine (D:9)
  A crocodile (Lair:7)
  A hell rat (D:9)
  A river rat (Lair:5)
  A quokka (D:9)
  A rat (D:9)
12 creatures vanquished.

Vanquished Creatures (others)
  2 humans
  8 fungi
  5 plants
15 creatures vanquished.

Grand Total: 524 creatures vanquished

Notes
Turn   | Place    | Note
--------------------------------------------------------------
     0 | D:1      | RickumRackum the Troll Monk began the quest for the Orb.
     0 | D:1      | Reached XP level 1. HP: 22/22 MP: 0/0
    58 | D:1      | Reached XP level 2. HP: 29/29 MP: 1/1
   424 | D:1      | Reached XP level 3. HP: 34/36 MP: 2/2
   772 | D:2      | Reached XP level 4. HP: 25/44 MP: 3/3
   922 | D:2      | Found a blossoming altar of Fedhas.
  1000 | D:2      | Reached skill level 5 in Unarmed Combat
  1111 | D:3      | Found a blossoming altar of Fedhas.
  1141 | D:3      | Gained mutation: Your flesh is heat resistant. [potion of mutation]
  1141 | D:3      | Gained mutation: You have a pair of small horns on your head. [potion of mutation]
  1141 | D:3      | Lost mutation: Your flesh is heat resistant. [potion of mutation]
  1142 | D:3      | Gained mutation: Your spells are a little harder to cast, but a little more powerful. [potion of mutation]
  1142 | D:3      | Gained mutation: You expend magic power (3 MP) to strengthen your wands. [potion of mutation]
  1479 | D:3      | Reached XP level 5. HP: 45/53 MP: 4/4
  1974 | D:3      | Reached skill level 5 in Fighting
  1974 | D:3      | Reached skill level 10 in Unarmed Combat
  1974 | D:3      | Reached skill level 5 in Invocations
  1974 | D:3      | Reached XP level 6. HP: 67/67 MP: 4/8
  2006 | D:4      | Noticed Acrith's ghost (amateur DEVM)
  2015 | D:4      | Killed Acrith's ghost
  2157 | D:4      | Noticed Eustachio
  2161 | D:4      | Killed Eustachio
  2161 | D:4      | Reached XP level 7. HP: 73/75 MP: 9/9
  2647 | D:5      | Entered Level 5 of the Dungeon
  2652 | D:5      | Noticed Sigmund
  2660 | D:5      | Killed Sigmund
  2660 | D:5      | Reached XP level 8. HP: 70/83 MP: 10/10
  2684 | D:5      | Found Jocoira's General Store.
  2866 | D:5      | Found a staircase to the Ecumenical Temple.
  2891 | Temple   | Entered the Ecumenical Temple
  2998 | Temple   | Became a worshipper of Qazlal Stormbringer
  2998 | Temple   | Reached * piety under Qazlal
  2998 | Temple   | Reached ** piety under Qazlal
  3371 | D:6      | Reached skill level 11 in Unarmed Combat
  3391 | D:6      | Noticed Edmund
  3398 | D:6      | Killed Edmund
  3777 | D:6      | Found a glowing silver altar of Zin.
  3777 | D:6      | Found a white marble altar of Elyvilon.
  4137 | D:7      | Found an opulent altar of Gozag.
  4175 | D:7      | Reached XP level 9. HP: 81/92 MP: 11/11
  4242 | D:7      | Found Lamytt's Assorted Antiques.
  4251 | D:7      | Bought a gilded ring for 100 gold pieces
  4251 | D:7      | Bought a fizzy silvery potion for 18 gold pieces
  4251 | D:7      | Bought a scroll labeled KOCLIKHIBIY for 20 gold pieces
  4251 | D:7      | Bought a scroll labeled ISUKHU WOHIO for 20 gold pieces
  4359 | D:7      | Reached *** piety under Qazlal
  4663 | D:7      | Found a sparkling altar of Nemelex Xobeh.
  4719 | D:7      | Found an iron altar of Okawaru.
  5352 | D:8      | Noticed Psyche
  5358 | D:8      | Killed Psyche
  5358 | D:8      | Reached skill level 12 in Unarmed Combat
  5403 | D:8      | Reached XP level 10. HP: 100/100 MP: 13/13
  5459 | D:8      | Noticed Joseph
  5474 | D:8      | Killed Joseph
  5474 | D:8      | Reached skill level 5 in Dodging
  5718 | D:8      | Reached **** piety under Qazlal
  5975 | D:8      | Found a deep blue altar of Sif Muna.
  6293 | D:9      | Found a staircase to the Lair.
  6380 | D:9      | Found a shadowy altar of Dithmenos.
  6892 | Lair:1   | Entered Level 1 of the Lair of Beasts
  7246 | Lair:1   | Reached XP level 11. HP: 98/109 MP: 15/15
  7416 | Lair:1   | Reached skill level 13 in Unarmed Combat
 10207 | Lair:4   | Reached XP level 12. HP: 109/122 MP: 17/17
 10240 | Lair:4   | Reached ***** piety under Qazlal
 10256 | Lair:4   | Reached skill level 14 in Unarmed Combat
 10513 | Lair:4   | Found a staircase to the Shoals.
 11293 | Lair:5   | Noticed a four-headed hydra
 11299 | Lair:5   | Killed a four-headed hydra
 11321 | Lair:5   | Found a hole to the Spider Nest.
 12683 | Lair:7   | Noticed a five-headed hydra
 12687 | Lair:7   | Killed a five-headed hydra
 12735 | Lair:7   | Noticed an eight-headed hydra
 12755 | Lair:7   | Noticed a seven-headed hydra
 12894 | Lair:7   | Killed an 11-headed hydra
 12989 | Lair:7   | Killed an eight-headed hydra
 12989 | Lair:7   | Reached skill level 15 in Unarmed Combat
 13135 | Lair:7   | Reached XP level 13. HP: 131/131 MP: 18/18
 13676 | Lair:7   | Noticed Kirke
 13686 | Lair:7   | Killed Kirke
 14304 | Lair:8   | Entered Level 8 of the Lair of Beasts
 14304 | Lair:8   | Found a viscous altar of Jiyva.
 14304 | Lair:8   | Found a staircase to the Slime Pits.
 14319 | Lair:8   | Found a frozen archway.
 14367 | IceCv    | Entered an ice cave
 14456 | Lair:8   | HP: 6/133 [spiny frog (7)]
 14457 | Lair:8   | Slain by a spiny frog

Skill      XL: |  1  2  3  4  5  6  7  8  9 10 11 12 13 |
---------------+----------------------------------------+-----
Unarmed Combat | 5 10 11 12 13 15 | 15.6
Dodging        | 3 4 5 6 7 8 |  8.2
Fighting       | 3 5 6 7 8 9 |  9.8
Invocations    | 5 6 8 9 |  9.7
Stealth        | |  1.1

Action                   |  1- 3 |  4- 6 |  7- 9 | 10-12 | 13-15 || total
-------------------------+-------+-------+-------+-------+-------++-------
Melee: Unarmed           |   117 |    97 |   253 |   573 |   130 ||  1170
       Punch             |     2 |     1 |    13 |    38 |    18 ||    72
       Headbutt          |       |    13 |    37 |   140 |    29 ||   219
Throw: Tomahawk          |       |       |       |     1 |       ||     1
Invok: Elemental Force   |       |       |       |     7 |       ||     7
       Upheaval          |       |       |       |    13 |     7 ||    20
Evoke: Wand              |       |       |       |       |     4 ||     4
  Use: Potion            |     4 |     8 |     8 |     7 |     1 ||    28
       Scroll            |     3 |     2 |    15 |    11 |     7 ||    38
 Stab: Sleeping          |       |       |     1 |       |       ||     1
       Distracted        |       |       |       |     1 |       ||     1
  Eat: Chunk             |    11 |    15 |    30 |    69 |     8 ||   133
Armor: Robe              |    34 |    49 |    36 |    82 |    31 ||   232
Dodge: Dodged            |    51 |    41 |    88 |   253 |    57 ||   490
Block: Other             |       |       |    16 |   115 |    34 ||   165
